[Event "December 12 Late 2023"]
[Site "https://www.chess.com"]
[Date "2023.12.12"]
[Round "8"]
[White "Adewumi, Tanitoluwa"]
[Black "Chigaev, Maksim"]
[Result "1-0"]
[Board "19"]
[TimeControl "180+1"]
[WhiteFideId "30966396"]
[BlackFideId "4108116"]
[WhiteElo "2753"]
[BlackElo "2896"]
[WhiteTeam "USA"]
[BlackTeam "ESP"]
[WhiteClock "0:00:02"]
[BlackClock "0:00:00"]

1. e4 e5 2. Nf3 Nc6 3. Bc4 Nf6 4. d3 Bc5 5. O-O d6 6. c3 h6 7. Re1 O-O 8. h3 a5 9. Nbd2 a4 10. Bb5 Bd7 11. Bxa4 Rxa4 12. Qxa4 Nb4 13. Qb3 Nxd3 14. Rf1 Nh5 15. Qc2 Ndf4 16. Nb3 Bb6 17. Be3 Qf6 18. Bxb6 Bxh3 19. g3 cxb6 20. Nbd2 Bxf1 21. Rxf1 Qg6 22. Kh2 Ne6 23. Qd1 Nf6 24. Nh4 Qh5 25. Qxh5 Nxh5 26. Nc4 Rd8 27. Rd1 Nf6 28. Rxd6 Ra8 29. Nxb6 Nxe4 30. Rxe6 Rxa2 31. Re8+ Kh7 32. Nd7 g6 33. Rxe5 Nxf2 34. Re7 Ng4+ 35. Kh3 h5 36. Rxf7+ Kg8 37. Rf8+ Kg7 38. Re8 Rxb2 39. Nf5+ gxf5 40. Kh4 Rh2+ 41. Kg5 Rh3 42. Re7+ Kg8 43. Kg6 1-0

[Event "December 12 Late 2023"]
[Site "https://www.chess.com"]
[Date "2023.12.12"]
[Round "8"]
[White "Pakleza, Zbigniew"]
[Black "Rasulov, Vugar"]
[Result "0-1"]
[Board "20"]
[TimeControl "180+1"]
[WhiteFideId "1119290"]
[BlackFideId "13402390"]
[WhiteElo "2719"]
[BlackElo "2894"]
[WhiteTeam "POL"]
[BlackTeam "AZE"]
[WhiteClock "0:00:00"]
[BlackClock "0:01:12"]

1. d4 Nf6 2. Nf3 e6 3. Bf4 b6 4. e3 Bb7 5. h3 Be7 6. Nbd2 O-O 7. Bd3 c5 8. c3 Ba6 9. Bxa6 Nxa6 10. O-O d6 11. Qe2 Qc8 12. e4 cxd4 13. cxd4 Nb4 14. a3 Qa6 15. Qxa6 Nxa6 16. Rfc1 Rac8 17. Kf1 d5 18. e5 Nd7 19. Bg5 f6 20. exf6 gxf6 21. Bf4 Kf7 22. Ke2 b5 23. Rxc8 Rxc8 24. a4 b4 25. Ne1 Nb6 26. Nd3 Rc2 27. Kd1 Rc6 28. g4 Nc7 29. Rc1 Rxc1+ 30. Kxc1 Ne8 31. b3 Nd7 32. Kd1 a5 33. Ke2 Bd6 34. Bxd6 Nxd6 35. Nc5 Ke7 36. Nxd7 Kxd7 37. f4 Ne4 38. Nxe4 dxe4 39. f5 exf5 40. gxf5 Kd6 41. h4 Kd5 42. Ke3 h5 0-1

[Event "December 12 Late 2023"]
[Site "https://www.chess.com"]
[Date "2023.12.12"]
[Round "8"]
[White "Kovalev, Vladislav"]
[Black "Bolourchifard, Farzad"]
[Result "1-0"]
[Board "21"]
[TimeControl "180+1"]
[WhiteFideId "13504398"]
[BlackFideId "12510084"]
[WhiteElo "2884"]
[BlackElo "2739"]
[WhiteTeam "FID"]
[BlackTeam "IRI"]
[WhiteClock "0:01:02"]
[BlackClock "0:00:00"]

1. e4 e5 2. Nf3 Nc6 3. Bb5 a6 4. Ba4 d6 5. O-O Nf6 6. d4 Bd7 7. Re1 g6 8. Bxc6 Bxc6 9. dxe5 dxe5 10. Qxd8+ Rxd8 11. Nxe5 Bxe4 12. f3 Bc5+ 13. Kf1 Bxc2 14. Bg5 Rd6 15. Nd3+ Kf8 16. Bh6+ Kg8 17. Nxc5 b6 18. Na3 1-0

[Event "December 12 Late 2023"]
[Site "https://www.chess.com"]
[Date "2023.12.12"]
[Round "8"]
[White "Demchenko, Anton"]
[Black "Rosen, Eric"]
[Result "1/2-1/2"]
[Board "22"]
[TimeControl "180+1"]
[WhiteFideId "4160258"]
[BlackFideId "2032562"]
[WhiteElo "2880"]
[BlackElo "2702"]
[WhiteTeam "SLO"]
[BlackTeam "USA"]
[WhiteClock "0:00:03"]
[BlackClock "0:00:04"]

1. e4 c5 2. Nf3 e6 3. d4 cxd4 4. Nxd4 Nc6 5. Nb5 d6 6. c4 Nf6 7. N1c3 a6 8. Nd4 Be7 9. Be2 O-O 10. O-O Qc7 11. Be3 Ne5 12. Rc1 b6 13. f4 Ned7 14. Bf3 Bb7 15. f5 e5 16. Nd5 Qd8 17. Ne2 Bxd5 18. cxd5 Nc5 19. Nc3 a5 20. Qe2 Nfd7 21. Rc2 Bg5 22. Bf2 Qe7 23. Rb1 Rfc8 24. Nb5 Nf6 25. b3 h5 26. h3 h4 27. a3 Qd7 28. a4 Qd8 29. Rbb2 Na6 30. Rc6 Rxc6 31. dxc6 Rc8 32. Rc2 Nc5 33. c7 Qd7 34. Qc4 Ne8 35. Bg4 Bf6 36. Rd2 Nxc7 37. Nxd6 Rd8 38. Be3 Qe7 39. Nb5 N7a6 40. Rxd8+ Qxd8 41. Bf3 Bg5 42. Bf2 Be7 43. Qe2 Nb4 44. Qe3 Bg5 45. Qe1 Nxb3 46. Kh2 Nd4 47. Nxd4 exd4 48. e5 Bf4+ 49. Kh1 d3 50. e6 d2 51. exf7+ Kf8 52. Qd1 Kxf7 53. Qb3+ Kf8 54. Bh5 Qe7 55. Bxh4 Bg5 56. Bxg5 d1=Q+ 57. Bxd1 Qxg5 58. Qb1 Qd2 59. Bf3 Ke7 60. Qf1 Nd3 61. Kh2 Qf4+ 62. Kh1 Qe3 63. Qb1 Nf2+ 64. Kh2 Qf4+ 65. Kg1 Qe3 66. Kh2 Qf4+ 67. Kg1 Qe3 68. Kh2 1/2-1/2

[Event "December 12 Late 2023"]
[Site "https://www.chess.com"]
[Date "2023.12.12"]
[Round "8"]
[White "Miranda, Rafael"]
[Black "Popov, Konstantin"]
[Result "1-0"]
[Board "23"]
[TimeControl "180+1"]
[WhiteFideId "130990"]
[BlackFideId "34137910"]
[WhiteElo "2632"]
[BlackElo "2866"]
[WhiteTeam "ARG"]
[BlackTeam "FID"]
[WhiteClock "0:02:38"]
[BlackClock "0:02:29"]

1. e4 c5 2. Nf3 d6 3. d4 cxd4 4. Nxd4 Nf6 5. Nc3 a6 6. a3 e5 7. Nf5 d5 8. Bg5 d4 9. Bxf6 gxf6 10. Ne2 Bxf5 11. exf5 Qd5 12. Ng3 Nd7 13. Bd3 Nc5 14. O-O Be7 15. Qe2 h5 16. Nxh5 e4 17. Bc4 Qxf5 18. Ng7+ 1-0

[Event "December 12 Late 2023"]
[Site "https://www.chess.com"]
[Date "2023.12.12"]
[Round "8"]
[White "Kamsky, Gata"]
[Black "Rojas Alarcon, Julian Antonio"]
[Result "1-0"]
[Board "24"]
[TimeControl "180+1"]
[WhiteFideId "2000024"]
[BlackFideId "5107407"]
[WhiteElo "2862"]
[BlackElo "2629"]
[WhiteTeam "USA"]
[BlackTeam "MEX"]
[WhiteClock "0:01:34"]
[BlackClock "0:00:26"]

1. d4 Nf6 2. Bf4 g6 3. Nf3 Bg7 4. c3 O-O 5. h3 d6 6. e3 Nbd7 7. Be2 b6 8. a4 a5 9. Nbd2 Bb7 10. O-O Re8 11. Bb5 c6 12. Bc4 Ba6 13. Bxa6 Rxa6 14. e4 e5 15. dxe5 dxe5 16. Be3 Qe7 17. Qe2 Raa8 18. Rfd1 Qe6 19. Qc4 h6 20. Qxe6 Rxe6 21. Nc4 Ra6 22. Rd3 Bf8 23. Rad1 Nc5 24. Rd8 Nfxe4 25. Bxh6 Nxa4 26. Rxf8+ Kh7 27. Bc1 Re7 28. Ncxe5 b5 29. Rdd8 c5 30. Ng4 f5 31. Rh8+ Kg7 32. Rdf8 g5 33. Ne3 Rf6 34. Rfg8+ Kf7 35. Nd5 Rd7 36. Ne5+ Ke6 37. Nxd7 1-0

[Event "December 12 Late 2023"]
[Site "https://www.chess.com"]
[Date "2023.12.12"]
[Round "8"]
[White "Janaszak, Dawid"]
[Black "Hong, Andrew"]
[Result "1-0"]
[Board "25"]
[TimeControl "180+1"]
[WhiteFideId "1119206"]
[BlackFideId "2099438"]
[WhiteElo "2604"]
[BlackElo "2825"]
[WhiteTeam "POL"]
[BlackTeam "USA"]
[WhiteClock "0:00:15"]
[BlackClock "0:00:00"]

1. e4 e5 2. Nf3 Nc6 3. Bc4 Nf6 4. d4 exd4 5. Ng5 Ne5 6. Bb3 h6 7. f4 hxg5 8. fxe5 Nxe4 9. Bd5 Nc5 10. O-O Ne6 11. Qf3 Qe7 12. Na3 c6 13. Nc4 Kd8 14. Nd6 Kc7 15. Nxf7 g4 16. Qg3 Rh5 17. Bxe6 Qxe6 18. Ng5 Qe8 19. e6+ Bd6 20. Bf4 Bxf4 21. Rxf4 Kb6 22. Qb3+ Kc7 23. Qg3 Kb6 24. Rf5 d5 25. Qb3+ Kc7 26. Rf7+ Kd6 27. Qg3+ Kc5 28. b4+ Kb6 29. Qc7+ Kb5 30. a4+ Kc4 31. Qd6 b6 32. Qg3 Kxb4 33. a5 1-0

[Event "December 12 Late 2023"]
[Site "https://www.chess.com"]
[Date "2023.12.12"]
[Round "8"]
[White "Holt, Conrad"]
[Black "Dragomirescu, Robin-Alexandru"]
[Result "0-1"]
[Board "26"]
[TimeControl "180+1"]
[WhiteFideId "2034387"]
[BlackFideId "1213849"]
[WhiteElo "2808"]
[BlackElo "2590"]
[WhiteTeam "USA"]
[BlackTeam "ROU"]
[WhiteClock "0:00:08"]
[BlackClock "0:00:07"]

1. d4 d5 2. c4 Nc6 3. cxd5 Qxd5 4. e3 e5 5. Nc3 Bb4 6. Bd2 Bxc3 7. Bxc3 exd4 8. Ne2 Nf6 9. Nxd4 O-O 10. Qb3 Nxd4 11. Bxd4 b6 12. Bxf6 Qxb3 13. axb3 gxf6 14. b4 a5 15. bxa5 Rxa5 16. Rxa5 bxa5 17. Bd3 Be6 18. Kd2 Rb8 19. Kc3 Rb3+ 20. Kc2 a4 21. Ra1 Rb4 22. g3 Kf8 23. Kc3 Rb3+ 24. Kc2 Rb4 25. Ra3 Ke7 26. Kc3 c5 27. Bc2 Bd7 28. Ra1 h6 29. Rd1 Be6 30. Ra1 Bd7 31. b3 axb3 32. Bxb3 Rb7 33. Ra8 Bg4 34. Bd5 Rd7 35. Bc4 h5 36. Ra5 Kd6 37. Ra6+ Ke7 38. Rc6 Be6 39. Rxc5 h4 40. gxh4 Kd6 41. Bxe6 fxe6 42. Rc4 Ke5 43. Rf4 Rd8 44. Kc2 Rd7 45. Kc3 Rd8 46. h5 Rh8 47. Rh4 Kf5 48. Kd3 Kg5 49. Rh3 Kg4 50. Rg3+ Kf5 51. Ke2 Rxh5 52. h3 Rh8 53. Kf3 e5 54. Kg2 e4 55. Rg4 Rh7 56. Kg3 Rh8 57. Rh4 Rg8+ 58. Rg4 Rh8 59. Rf4+ Ke5 60. Rh4 Rg8+ 61. Rg4 Rh8 62. Rg7 Kf5 63. h4 Rh6 64. Kh3 Rh8 65. Kg3 Rh6 66. Rg8 Rh7 67. Kh3 Rh6 68. Rg4 Rh7 69. Rf4+ Ke5 70. Kg4 Rg7+ 71. Kh5 f5 72. Kh6 Rg1 73. h5 Kf6 74. Rh4 Rg8 75. Rh1 Rh8# 0-1

[Event "December 12 Late 2023"]
[Site "https://www.chess.com"]
[Date "2023.12.12"]
[Round "8"]
[White "yaguigor"]
[Black "Kadric, Denis"]
[Result "0-1"]
[Board "27"]
[TimeControl "180+1"]
[BlackFideId "14403803"]
[WhiteElo "2506"]
[BlackElo "2807"]
[BlackTeam "MNE"]
[WhiteClock "0:00:09"]
[BlackClock "0:01:00"]

1. e4 d6 2. d4 Nf6 3. Nc3 e5 4. Nf3 Nbd7 5. Bc4 Be7 6. O-O O-O 7. a4 c6 8. Re1 h6 9. h3 Re8 10. Ba2 a5 11. Be3 exd4 12. Nxd4 Bf8 13. Nf5 Ne5 14. f4 Ng6 15. Qf3 Bxf5 16. exf5 Nh4 17. Qf2 Nxf5 18. Bb6 Qd7 19. Rxe8 Qxe8 20. Re1 Qd7 21. g4 Ne7 22. Bd4 d5 23. Bxf6 gxf6 24. Ne2 Ng6 25. c3 Re8 26. Bb1 Bd6 27. Rf1 Qe7 28. Bd3 Bc5 29. Nd4 Bxd4 30. Qxd4 Qe3+ 31. Qxe3 Rxe3 32. Bf5 Ne7 33. Bd7 Rd3 34. Kg2 Kf8 35. Rf2 d4 36. Rf3 Rd2+ 37. Rf2 dxc3 38. bxc3 Rxd7 0-1

[Event "December 12 Late 2023"]
[Site "https://www.chess.com"]
[Date "2023.12.12"]
[Round "8"]
[White "Indjic, Aleksandar"]
[Black "Korchynskyi, Mykola"]
[Result "1-0"]
[Board "28"]
[TimeControl "180+1"]
[WhiteFideId "911925"]
[BlackFideId "34138005"]
[WhiteElo "2891"]
[BlackElo "2552"]
[WhiteTeam "SRB"]
[BlackTeam "UKR"]
[WhiteClock "0:02:17"]
[BlackClock "0:01:27"]

1. c4 e6 2. g3 d5 3. Bg2 Nf6 4. Nf3 Be7 5. O-O O-O 6. b3 b6 7. Bb2 Bb7 8. cxd5 exd5 9. d4 Nbd7 10. Nc3 Ne4 11. Rc1 Ndf6 12. Rc2 Nxc3 13. Bxc3 c5 14. dxc5 bxc5 15. Bxf6 gxf6 16. Nh4 Qd7 17. e4 d4 18. Qh5 Kh8 19. Bh3 Qc6 20. Bf5 1-0

[Event "December 12 Late 2023"]
[Site "https://www.chess.com"]
[Date "2023.12.12"]
[Round "8"]
[White "Sai Krishna G V"]
[Black "Szpar, Milosz"]
[Result "1-0"]
[Board "29"]
[TimeControl "180+1"]
[WhiteFideId "5028280"]
[BlackFideId "1184989"]
[WhiteElo "2710"]
[BlackElo "2873"]
[WhiteTeam "IND"]
[BlackTeam "POL"]
[WhiteClock "0:00:42"]
[BlackClock "0:00:39"]

1. d4 d5 2. c4 e6 3. Nf3 Nf6 4. Nc3 dxc4 5. e3 a6 6. Bxc4 b5 7. Bb3 Bb7 8. O-O Nbd7 9. Qe2 c5 10. Rd1 Qb8 11. d5 c4 12. dxe6 fxe6 13. Bc2 Bd6 14. Ng5 Nc5 15. b4 cxb3 16. Bxb3 Nxb3 17. axb3 Bxh2+ 18. Kh1 Qe5 19. f4 Qxc3 20. Bb2 Qc6 21. Kxh2 O-O 22. Rac1 Qe8 23. Ba3 h6 24. Bxf8 hxg5 25. fxg5 Ne4 26. Rc7 Qb8 27. Rd7 Kxf8 28. Qh5 Kg8 29. Qf7+ Kh8 30. Qxg7# 1-0

[Event "December 12 Late 2023"]
[Site "https://www.chess.com"]
[Date "2023.12.12"]
[Round "8"]
[White "Zwirs, Nico"]
[Black "Goltsev, Dmitry"]
[Result "1-0"]
[Board "30"]
[TimeControl "180+1"]
[WhiteFideId "1036432"]
[BlackFideId "24176710"]
[WhiteElo "2844"]
[BlackElo "2673"]
[WhiteTeam "NED"]
[BlackTeam "RUS"]
[WhiteClock "0:00:41"]
[BlackClock "0:00:09"]

1. e4 e6 2. d4 d5 3. Nd2 c5 4. Ngf3 Nf6 5. exd5 exd5 6. Bb5+ Nc6 7. O-O Be7 8. dxc5 Bxc5 9. Nb3 Bb6 10. Re1+ Be6 11. c3 O-O 12. Be3 Bg4 13. h3 Bh5 14. Be2 Re8 15. Bxb6 Qxb6 16. Nfd4 Nxd4 17. cxd4 Bxe2 18. Rxe2 Rxe2 19. Qxe2 Re8 20. Qd3 Ne4 21. Re1 Qb4 22. Re3 Rc8 23. f3 Nf6 24. Re2 b6 25. g4 h6 26. Kg2 Qc4 27. Qd2 Rc7 28. h4 Kh7 29. Kf2 a5 30. Qf4 a4 31. Nd2 Qd3 32. Qxc7 Qxd4+ 33. Kg2 Qd3 34. Qe5 g6 35. Rf2 Nd7 36. Qe7 Nc5 37. Qxf7+ Kh8 38. Qe8+ Kh7 39. Qe7+ Kh8 40. Re2 1-0

[Event "December 12 Late 2023"]
[Site "https://www.chess.com"]
[Date "2023.12.12"]
[Round "8"]
[White "Kleiman, Jake"]
[Black "Gabuzyan, Hovhannes"]
[Result "0-1"]
[Board "31"]
[TimeControl "180+1"]
[WhiteFideId "2020041"]
[BlackFideId "13303732"]
[WhiteElo "2636"]
[BlackElo "2835"]
[WhiteTeam "USA"]
[BlackTeam "ARM"]
[WhiteClock "0:00:14"]
[BlackClock "0:00:11"]

1. e4 c5 2. c3 d5 3. exd5 Qxd5 4. d4 g6 5. Nf3 Nh6 6. Na3 cxd4 7. Nb5 Na6 8. Qxd4 Qxd4 9. Nbxd4 Nf5 10. Bb5+ Bd7 11. Bxd7+ Kxd7 12. Nxf5 gxf5 13. Be3 Bg7 14. O-O-O+ Kc6 15. Bd4 f6 16. Nh4 e6 17. Rhe1 Nc7 18. f4 a6 19. Kc2 b5 20. Re2 Rae8 21. Rde1 Kd7 22. g3 Nd5 23. b3 Rhf8 24. Kb2 Nc7 25. c4 bxc4 26. bxc4 Rb8+ 27. Kc2 Rfc8 28. Rd1 Nd5 29. Kd3 Nb4+ 30. Ke3 Ke7 31. Kf3 Kf7 32. Rc1 Bf8 33. h3 Nc6 34. Bg1 Rd8 35. Rc3 Rb1 36. Kg2 Rdd1 37. Bf2 Bb4 38. Rce3 Nd4 39. Nf3 Nxe2 40. Rxe2 Rdc1 41. Nd4 Bc3 42. Nxe6 Rb2 43. Nd8+ Kg6 44. Rxb2 Bxb2 45. c5 Rc2 46. Kf3 Ba3 47. Nb7 Rxa2 48. Nd6 Rc2 49. Nb7 Bb4 50. Bd4 a5 51. Ke3 a4 52. Kd3 Rc1 53. Be3 Rd1+ 54. Kc2 Rd7 55. c6 Rc7 56. Nd8 Be7 57. Bb6 Bxd8 58. Bxc7 Bxc7 0-1

[Event "December 12 Late 2023"]
[Site "https://www.chess.com"]
[Date "2023.12.12"]
[Round "8"]
[White "Boyer, Mahel"]
[Black "Wieczorek, Oskar"]
[Result "1-0"]
[Board "32"]
[TimeControl "180+1"]
[WhiteFideId "45102422"]
[BlackFideId "1133950"]
[WhiteElo "2620"]
[BlackElo "2770"]
[WhiteTeam "FRA"]
[BlackTeam "POL"]
[WhiteClock "0:00:40"]
[BlackClock "0:00:04"]

1. e4 c5 2. d3 e6 3. g3 Nc6 4. Bg2 g6 5. f4 Bg7 6. Nf3 d6 7. O-O Nge7 8. c3 f5 9. Be3 O-O 10. Nbd2 Kh8 11. Re1 b6 12. Bf2 Rb8 13. Qc2 b5 14. exf5 gxf5 15. Ng5 Rf6 16. a4 b4 17. Nc4 h6 18. Nf3 Nd5 19. Nh4 Nce7 20. Rad1 Ba6 21. Rd2 Qd7 22. Rde2 Kg8 23. a5 Re8 24. Bf3 bxc3 25. bxc3 Bxc4 26. dxc4 Nc7 27. Rd1 Rb8 28. Bxc5 Ne8 29. Bf2 Qc7 30. Qa4 Kh7 31. Bd4 Rf7 32. Rxe6 Bxd4+ 33. cxd4 Ng8 34. Bh5 Re7 35. Bg6+ Kh8 36. Bxf5 Rxe6 37. Bxe6 Rb3 38. Qxb3 1-0

[Event "December 12 Late 2023"]
[Site "https://www.chess.com"]
[Date "2023.12.12"]
[Round "8"]
[White "Iskusnyh, Sergei"]
[Black "Zou, Chen"]
[Result "0-1"]
[Board "33"]
[TimeControl "180+1"]
[WhiteFideId "4120027"]
[BlackFideId "8610959"]
[WhiteElo "2595"]
[BlackElo "2753"]
[WhiteTeam "RUS"]
[BlackTeam "CHN"]
[WhiteClock "0:00:12"]
[BlackClock "0:00:09"]

1. d4 Nf6 2. c4 g6 3. g3 Bg7 4. Bg2 O-O 5. Nc3 d6 6. Nf3 Nbd7 7. O-O e5 8. e4 exd4 9. Nxd4 Re8 10. h3 Nc5 11. Re1 c6 12. Qc2 a5 13. Be3 Qc7 14. Rad1 a4 15. Bf4 Nh5 16. Ndb5 cxb5 17. Nxb5 Qa5 18. Bxd6 Ne6 19. e5 Bd7 20. Nc3 Bc6 21. Nd5 Qa7 22. Kh2 Kh8 23. f4 Rac8 24. f5 Nd4 25. Qf2 Nxg3 26. f6 Ngf5 27. fxg7+ Kxg7 28. Nf6 Bxg2 29. Kxg2 Re6 30. c5 Rxc5 31. Bxc5 Qxc5 32. Kh2 Rxe5 33. Ng4 Rxe1 34. Rxe1 Qd6+ 35. Kg1 h5 36. Ne5 Qd5 37. a3 f6 38. Nxg6 Kxg6 39. Qg2+ Qxg2+ 40. Kxg2 b5 41. Re8 h4 42. Rb8 Kg5 43. Rb6 Kf4 44. Rxf6 Ke5 45. Rb6 Kd5 46. Kf1 Kc4 47. Ke1 Kb3 48. Kd2 Kxb2 49. Kd3 Kxa3 50. Kc3 Ka2 51. Rb8 a3 52. Rg8 Ne2+ 53. Kb4 Nfd4 54. Rf8 Kb2 55. Rf1 a2 56. Rd1 a1=Q 57. Rd2+ Nc2+ 58. Kc5 Nc1 59. Kd5 Kc3 60. Rg2 b4 61. Rf2 b3 62. Rf3+ Kb2 63. Ke4 Qb1 64. Ke5 Na2 65. Ke6 Ka1 66. Kd5 b2 67. Kc4 Qc1 68. Kb3 b1=Q+ 69. Ka4 Qb4# 0-1

[Event "December 12 Late 2023"]
[Site "https://www.chess.com"]
[Date "2023.12.12"]
[Round "8"]
[White "Sanchez Enriquez, Oscar Gerardo"]
[Black "Shuvalova, Polina"]
[Result "1-0"]
[Board "34"]
[TimeControl "180+1"]
[WhiteFideId "5106311"]
[BlackFideId "24171760"]
[WhiteElo "2536"]
[BlackElo "2741"]
[WhiteTeam "MEX"]
[BlackTeam "RUS"]
[WhiteClock "0:00:11"]
[BlackClock "0:00:01"]

1. e4 c6 2. d4 d5 3. e5 Bf5 4. Nf3 e6 5. Be2 Ne7 6. O-O Ng6 7. c4 Nd7 8. Nc3 dxc4 9. Bxc4 Nb6 10. Bb3 Bg4 11. Be3 Be7 12. h3 Bxf3 13. Qxf3 Nh4 14. Qg4 Nf5 15. Bc2 g6 16. Rad1 h5 17. Qe4 Qd7 18. Bb3 O-O-O 19. a4 a5 20. Rd3 Kb8 21. Rfd1 Nd5 22. Bxd5 cxd5 23. Qf3 Bb4 24. Nb5 h4 25. Bd2 Rc8 26. Rb3 Nxd4 27. Nxd4 Rc4 28. Nb5 Bxd2 29. Rxd2 Rhc8 30. Qe3 R8c5 31. Rc3 Rxc3 32. bxc3 b6 33. Rd4 Qc6 34. Rxh4 Kb7 35. Rh7 Ka6 36. Rxf7 Rxb5 37. axb5+ Qxb5 38. Rf6 a4 39. Qc1 Qb3 40. Rf3 Qc4 41. Qb2 b5 42. g3 Qe4 43. Rf4 Qxe5 44. Rb4 Qb8 45. Qe2 Qb6 46. Rxa4+ Kb7 47. Rb4 Kc6 48. Qb2 Qc5 49. Qb3 Kb6 50. Qa3 g5 51. Qb2 Kc6 52. Qd2 Kb6 53. Qd4 Kc6 54. Qxc5+ Kxc5 55. h4 gxh4 56. gxh4 e5 57. h5 d4 58. h6 dxc3 59. Rb1 c2 60. Rc1 Kd4 61. Rxc2 Kd3 62. Rb2 Kc3 63. Rxb5 1-0

[Event "December 12 Late 2023"]
[Site "https://www.chess.com"]
[Date "2023.12.12"]
[Round "8"]
[White "Martinez Ramirez, Lennis"]
[Black "Bazilius, Augustinas"]
[Result "1-0"]
[Board "35"]
[TimeControl "180+1"]
[WhiteFideId "3509079"]
[BlackFideId "12832251"]
[WhiteElo "2725"]
[BlackElo "2501"]
[WhiteTeam "CUB"]
[BlackTeam "LTU"]
[WhiteClock "0:00:21"]
[BlackClock "0:00:00"]

1. d4 Nf6 2. Bg5 Ne4 3. Bf4 d5 4. f3 Nf6 5. e4 dxe4 6. Nc3 exf3 7. gxf3 g6 8. Bc4 Bg7 9. Nge2 O-O 10. Qd2 c6 11. h4 h5 12. Bh6 b5 13. Bb3 a5 14. Rg1 Kh7 15. Bxg7 Kxg7 16. a4 b4 17. Ne4 Nxe4 18. fxe4 Bg4 19. O-O-O Nd7 20. e5 Nb6 21. Rxg4 hxg4 22. Qg5 Rh8 23. e6 f5 24. Nf4 Rh6 25. h5 Qf8 26. hxg6 Qf6 27. Nh5+ Rxh5 28. Qxh5 Qxg6 29. Qh4 Qh6+ 30. Qxh6+ Kxh6 31. c4 bxc3 32. bxc3 g3 33. c4 f4 34. Kd2 Kg5 35. Rf1 Rh8 36. c5 Rh2+ 37. Kd3 Na8 38. d5 cxd5 39. Bxd5 Nc7 40. Bf3 Nxe6 41. c6 Rf2 42. Rxf2 gxf2 43. Bg2 Kh4 44. Ke2 Kg3 45. Bd5 Nd4+ 46. Kf1 Nxc6 47. Bxc6 e5 48. Ke2 1-0

[Event "December 12 Late 2023"]
[Site "https://www.chess.com"]
[Date "2023.12.12"]
[Round "8"]
[White "Rustemov, Alexander"]
[Black "Filgueira, Hernan"]
[Result "0-1"]
[Board "36"]
[TimeControl "180+1"]
[WhiteFideId "4119002"]
[BlackFideId "101770"]
[WhiteElo "2804"]
[BlackElo "2570"]
[WhiteTeam "RUS"]
[BlackTeam "ARG"]
[WhiteClock "0:00:50"]
[BlackClock "0:00:03"]

1. d4 d6 2. Nf3 g6 3. c4 f5 4. g3 Nf6 5. Bg2 Bg7 6. O-O O-O 7. Nc3 c6 8. Qc2 Qe8 9. e4 e5 10. Re1 f4 11. gxf4 Nh5 12. fxe5 Bg4 13. exd6 Bxf3 14. e5 Bxg2 15. Kxg2 Qe6 16. Qe2 Nd7 17. Bg5 Qf5 18. Ne4 h6 19. Bd2 Rae8 20. Ng3 Nxg3 21. hxg3 c5 22. f4 cxd4 23. Qe4 Qxe4+ 24. Rxe4 Kf7 25. Rxd4 Ke6 26. g4 Rh8 27. Rh1 Ref8 28. Re4 h5 29. gxh5 Rxh5 30. Rxh5 gxh5 31. Re1 Nc5 32. Rh1 Rf5 33. b3 Nd3 34. Kg3 Bh6 35. Rh4 Nxe5 36. fxe5 Bxd2 37. d7 Be1+ 38. Kg2 Bxh4 0-1

[Event "December 12 Late 2023"]
[Site "https://www.chess.com"]
[Date "2023.12.12"]
[Round "8"]
[White "Khater, Sherif"]
[Black "Matinian, Nikita"]
[Result "0-1"]
[Board "37"]
[TimeControl "180+1"]
[WhiteFideId "2034280"]
[BlackFideId "24129100"]
[WhiteElo "2563"]
[BlackElo "2762"]
[WhiteTeam "USA"]
[BlackTeam "FID"]
[WhiteClock "0:00:38"]
[BlackClock "0:01:41"]

1. b3 Nf6 2. Bb2 g6 3. Nf3 Bg7 4. g3 d6 5. Bg2 e5 6. d3 c5 7. e4 Nc6 8. O-O h5 9. h4 Bg4 10. Nbd2 Qd7 11. Qc1 Bh6 12. Qe1 O-O-O 13. Nc4 Kb8 14. Bc1 Bxc1 15. Qxc1 Bxf3 16. Bxf3 Nd4 17. Qd1 Rdg8 18. Bg2 g5 19. c3 Ne6 20. Qf3 Rh6 21. Ne3 gxh4 22. Nf5 Ng5 23. Qe3 Ng4 24. Qd2 h3 25. Nxh6 hxg2 26. Nxg4 Qxg4 0-1

[Event "December 12 Late 2023"]
[Site "https://www.chess.com"]
[Date "2023.12.12"]
[Round "8"]
[White "Keleberda, Tymur"]
[Black "Atakhan, Abtin"]
[Result "0-1"]
[Board "38"]
[TimeControl "180+1"]
[WhiteFideId "14174294"]
[BlackFideId "22502203"]
[WhiteElo "2555"]
[BlackElo "2740"]
[WhiteTeam "CAN"]
[BlackTeam "IRI"]
[WhiteClock "0:00:51"]
[BlackClock "0:01:39"]

1. e4 c5 2. Nf3 d6 3. c3 Nf6 4. h3 Nc6 5. Bd3 g6 6. Bc2 Bg7 7. d4 O-O 8. O-O cxd4 9. cxd4 e5 10. d5 Nb4 11. Bb3 a5 12. Nc3 Bd7 13. a4 Nh5 14. Nd2 Nf4 15. Nc4 Nbd3 16. Be3 Bxh3 17. Bxf4 Nxf4 18. gxh3 Qg5+ 0-1

[Event "December 12 Late 2023"]
[Site "https://www.chess.com"]
[Date "2023.12.12"]
[Round "8"]
[White "Aldokhin, Ivan"]
[Black "Roberson, Peter T"]
[Result "0-1"]
[Board "39"]
[TimeControl "180+1"]
[WhiteFideId "24115720"]
[BlackFideId "412384"]
[WhiteElo "2693"]
[BlackElo "2556"]
[WhiteTeam "RUS"]
[BlackTeam "ENG"]
[WhiteClock "0:00:00"]
[BlackClock "0:00:04"]

1. e4 c5 2. Nf3 d6 3. d4 cxd4 4. Nxd4 Nf6 5. Nc3 a6 6. Bc4 e6 7. Bb3 Nbd7 8. Qe2 Nc5 9. Bg5 Be7 10. h4 b5 11. Nc6 Qc7 12. Nxe7 Qxe7 13. O-O-O Bb7 14. f3 h6 15. Bf4 e5 16. Be3 O-O-O 17. Bd5 Nxd5 18. Nxd5 Qe6 19. Qf2 Kb8 20. Bxc5 dxc5 21. Qxc5 Rc8 22. Qe3 Rhd8 23. Qb3 f5 24. Rd2 fxe4 25. fxe4 Rc4 26. Rhd1 Rdc8 27. Qe3 Qg6 28. Re1 Bxd5 29. Rxd5 Rxc2+ 30. Kb1 Qc6 31. Red1 Rxg2 32. Qb3 Qc2+ 33. Qxc2 Rcxc2 34. Rd8+ Kc7 35. R8d7+ Kc6 36. R7d6+ Kc5 37. R6d5+ Kb6 38. Rd6+ Ka5 0-1

[Event "December 12 Late 2023"]
[Site "https://www.chess.com"]
[Date "2023.12.12"]
[Round "8"]
[White "Dyachuk, Artem"]
[Black "Silva Lucena, Cristian"]
[Result "1-0"]
[Board "40"]
[TimeControl "180+1"]
[WhiteFideId "34107924"]
[BlackFideId "2232588"]
[WhiteElo "2692"]
[BlackElo "2552"]
[WhiteTeam "UKR"]
[BlackTeam "ESP"]
[WhiteClock "0:00:12"]
[BlackClock "0:00:08"]

1. e4 e5 2. Nf3 Nf6 3. Nxe5 Nxe4 4. Qe2 Qe7 5. Qxe4 d6 6. f4 dxe5 7. fxe5 f5 8. Qe3 Nc6 9. Nc3 Nb4 10. Kd1 Be6 11. a3 Nc6 12. Bb5 g5 13. d4 f4 14. Qe4 O-O-O 15. Bxc6 bxc6 16. Bd2 Qd7 17. Ne2 Bd5 18. Qd3 Bxg2 19. Rg1 f3 20. Ke1 g4 21. Be3 Be7 22. Ng3 h5 23. Ne4 c5 24. Qa6+ Kb8 25. Rd1 Bh4+ 26. Bf2 Bxf2+ 27. Kxf2 cxd4 28. Rd3 Ka8 29. Nc5 Qd5 30. Rb3 Rb8 31. Ne6 Rhc8 32. Rd1 Qxe5 33. Rxd4 c5 34. Ra4 Bh3 35. Qxa7# 1-0

[Event "December 12 Late 2023"]
[Site "https://www.chess.com"]
[Date "2023.12.12"]
[Round "8"]
[White "Wu, Derek"]
[Black "Silva, Kaua Marques"]
[Result "0-1"]
[Board "41"]
[TimeControl "180+1"]
[WhiteFideId "30914558"]
[BlackFideId "22701168"]
[WhiteElo "2691"]
[BlackElo "2550"]
[WhiteTeam "USA"]
[BlackTeam "BRA"]
[WhiteClock "0:00:00"]
[BlackClock "0:00:21"]

1. d4 c5 2. d5 e6 3. Nc3 exd5 4. Nxd5 Nf6 5. Bg5 Be7 6. Nxe7 Qxe7 7. Nf3 O-O 8. e3 h6 9. Bh4 d5 10. c3 Rd8 11. Be2 Nc6 12. O-O Ne5 13. Qa4 Nxf3+ 14. Bxf3 Qe5 15. Rad1 Be6 16. Qb5 b6 17. c4 g5 18. Bg3 Qf5 19. cxd5 Bxd5 20. Bxd5 Rxd5 21. h4 Rad8 22. Rxd5 Qxd5 23. hxg5 hxg5 24. Qa4 Rd7 25. a3 Kg7 26. Qb5 c4 27. Qb4 Ne4 28. Bh2 a5 29. Qa4 Qd3 30. Qc6 Rd5 31. Qxb6 Rf5 32. Qd4+ Qxd4 33. exd4 Rb5 34. f3 Nd2 35. Rd1 Rxb2 36. d5 f6 37. d6 Kf7 38. Kf2 c3 39. Ke2 Nb3+ 40. Ke3 c2 41. d7 cxd1=Q 42. d8=Q Qxd8 0-1